Canadiens vs Ducks

Created - 5 mars 2026 at 21:36

Goals
1 2 3 T
Canadiens 1 3 1 5
Ducks 1 1 1 3
Shots
1 2 3 T
Canadiens 5 12 12 29
Ducks 13 11 10 34

GoalsPenalties
1st period
1. Canadiens , Auston Matthews 44 (Rasmus Dahlin 54, Patrick Kane 39) at 0:30
2. Ducks , Brayden Point 24 (Tage Thompson 16, Dustin Wolf) at 3:20 (PP)
Matias Maccelli (MTL) for Interference (Minor) at 1:24
Matt Boldy (MTL) for Slashing (Minor) at 16:38
2nd period
3. Canadiens , Auston Matthews 45 (Kaiden Guhle 24, Josh Morrissey 30) at 0:19
4. Ducks , Troy Terry 18 (Leo Carlsson 8) at 8:55
5. Canadiens , Patrick Kane 22 (Auston Matthews 47, Jaden Schwartz 15) at 14:03 (PP)
6. Canadiens , Auston Matthews 46 (Patrick Kane 40, Jaden Schwartz 16) at 19:51
Dylan Samberg (ANA) for Roughing (Minor) at 13:30
Kaiden Guhle (MTL) for Interference (Minor) at 19:58
3rd period
7. Canadiens , Auston Matthews 47 (Rasmus Dahlin 55, Josh Morrissey 31) at 15:23 (PP)
8. Ducks , JJ Peterka 7 (Josh Norris 20, Vladislav Namestnikov 9) at 16:31
Kaiden Guhle (MTL) for High sticking (Minor) at 1:58
Noah Gregor (ANA) for Delaying the game (Minor) at 4:01
Thomas Harley (ANA) for Interference (Minor) at 8:48
Jaden Schwartz (MTL) for Diving (Minor) at 12:19
Tage Thompson (ANA) for Cross-checking (Minor) at 12:28
Troy Terry (ANA) for Delaying the game (Minor) at 15:07
Josh Morrissey (MTL) for Interference (Minor) at 16:41
Erik Gudbranson (ANA) for Roughing (Minor) at 18:43
Goalie Stats
Joseph Woll (MTL), 31 saves from 34 shots - (0,912), W, 23-9-2, 60:00 minutes
Dan Vladar (ANA), 11 saves from 12 shots - (0,917), 20:09 minutes
Dustin Wolf (ANA), 13 saves from 17 shots - (0,765), L, 23-11-3, 39:51 minutes
3 StarsOfficial
1 - Auston Matthews (MTL)
2 - Patrick Kane (MTL)
3 - Jaden Schwartz (MTL)
Referees : Pierre Lambert and Chris Rooney
Linesman : Justin Cornell and Travis Toomey
Game Note
Auston Matthews has scored a Hat Trick!
Dan Vladar enters game at 19:51 of 2nd period
Finance
Level 1 -- Attendance: 5989 (99,82%) -- Ticket Income $598,900
Level 2 -- Attendance: 5000 (100,00%) -- Ticket Income $300,000
Level 3 -- Attendance: 1998 (99,90%) -- Ticket Income $69,930
Level 4 -- Attendance: 3471 (86,78%) -- Ticket Income $86,775
Luxury Box -- Attendance: 884 (88,40%) -- Ticket Income $176,800
Game was played at the Honda Center.
Total Attendance: 17342 (96,34%)
Total Ticket Income: $1,232,405
Other Expense: $61,620
Total Income: $1,170,785



Team Name Goals Shots Shots Attemp Shots Blocked PIM HIT PP PK FO%
Canadiens 529631112152 / 6 (33%)146%
Ducks 334701112151 / 6 (17%)254%

Canadiens
Player Name POS G A P +/- PIM HIT SHT SB MP PP MP PP SHT PK MP PK SHT FO% FOT
Aatu RatyC000000008:160:0004:11050% 10
Auston MatthewsC/LW4153027019:084:0720:00050% 24
Bobby BrinkRW000001009:400:0000:0000% 0
Cole SillingerC/LW000-2011117:062:0500:00041% 27
Cole SmithLW000000009:550:0005:5000% 0
Colin BlackwellC/LW/RW000000108:160:0004:1100% 1
Erik JohnsonD0000010319:380:0003:4700% 0
Jaden SchwartzLW0223223018:104:0710:000100% 1
Jordan EberleC/RW000-2003017:102:0500:0000% 0
Josh MorrisseyD0221201021:203:2811:4400% 0
Kaiden GuhleD0111442121:192:4413:3600% 0
Matias MaccelliLW/RW000020109:390:0000:000100% 1
Matt BoldyLW/RW000-2202017:052:0500:0000% 0
Nic DowdC/RW0000012115:300:0005:50043% 23
Patrick KaneRW1233004018:114:0720:00050% 2
Rasmus DahlinD0220002125:443:2824:5300% 0
Ryan LindgrenD0000000317:150:0006:0200% 0
Tyler KlevenD0000030114:412:4400:0000% 0
Ducks
Player Name POS G A P +/- PIM HIT SHT SB MP PP MP PP SHT PK MP PK SHT FO% FOT
Anze KopitarC/LW0001004019:074:4121:25060% 25
Brandon HagelLW000-3005022:365:2000:00050% 2
Brayden PointC101-3023022:365:2010:00050% 26
Connor DewarC/LW000000017:470:0004:47050% 10
Dylan SambergD000-1201316:554:3102:5300% 0
Erik GudbransonD000-2230220:500:0302:2400% 0
Garnet HathawayLW/RW000000007:470:0004:47050% 2
Jani HakanpaaD000-1011116:373:4113:3900% 0
JJ PeterkaC/LW/RW1011003010:330:0000:03067% 3
Josh NorrisC/LW0111003015:114:4110:00047% 17
Leo CarlssonC/LW0111020113:010:0000:000100% 1
Noah GregorLW/RW000020002:590:0000:0000% 0
Radko GudasD0002040218:410:0002:4600% 0
Tage ThompsonC/RW011-3214021:005:1910:0000% 0
Thomas ChabotD0002002123:056:1720:4200% 0
Thomas HarleyD000-2224023:495:3030:0000% 0
Troy TerryC/LW/RW1011203017:414:4100:000100% 1
Vladislav NamestnikovC/LW0111001011:370:0001:22050% 2

Canadiens

5 vs 5 Forward
Line #Left WingCenterRight WingPHYDFOFWanted %Time %Time Play
1Jaden SchwartzAuston MatthewsPatrick Kane1133434%14:04
2Matt BoldyCole SillingerJordan Eberle1133434%14:08
3Matias MaccelliNic DowdBobby Brink1132223%9:40
4Cole SmithAatu RatyColin Blackwell1131010%4:05
5 vs 5 Defense
Line #DefenseDefensePHYDFOFWanted %Time %Time Play
1Rasmus DahlinErik Johnson1134038%15:51
2Josh MorrisseyKaiden Guhle1133533%13:49
3Tyler KlevenRyan Lindgren1132528%11:57
4Rasmus DahlinJosh Morrissey12201%0:20
Power Play Forward
Line #Left WingCenterRight WingPHYDFOFWanted %Time %Time Play
1Jaden SchwartzAuston MatthewsPatrick Kane0235566%4:07
2Matt BoldyCole SillingerJordan Eberle1224534%2:05
Power Play Defense
Line #DefenseDefensePHYDFOFWanted %Time %Time Play
1Rasmus DahlinJosh Morrissey1136056%3:28
2Kaiden GuhleTyler Kleven1134044%2:44
Penalty Kill 4 Players Forward
Line #CenterWingPHYDFOFWanted %Time %Time Play
1Nic DowdCole Smith0505558%5:50
2Aatu RatyColin Blackwell1404542%4:11
Penalty Kill 4 Players Defense
Line #DefenseDefensePHYDFOFWanted %Time %Time Play
1Kaiden GuhleRyan Lindgren1405575%7:32
2Rasmus DahlinErik Johnson1404525%2:29
Penalty Kill 3 Players
Line #WingPHYDFOFWanted %Time %Time PlayDefenseDefensePHYDFOFWanted %Time %Time Play
1Nic Dowd050600%0:00 Kaiden GuhleRyan Lindgren140600%0:00
2Colin Blackwell050400%0:00 Rasmus DahlinErik Johnson140400%0:00
4 vs 4 Forward
Line #CenterWingPHYDFOFWanted %Time %Time Play
1Auston MatthewsJordan Eberle0145052%0:57
2Cole SillingerMatt Boldy0145048%0:53
4 vs 4 Defense
Line #DefensePHYDFOFWanted %Time %Time Play
1Rasmus DahlinKaiden Guhle0236065%60% - 1:12
2Josh MorrisseyRyan Lindgren1224035%40% - 0:38
Last Minutes Offensive
Left WingCenterRight WingDefenseDefense
Matt BoldyAuston MatthewsJordan EberleRasmus DahlinJosh Morrissey
Last Minutes Defensive
Left WingCenterRight WingDefenseDefense
Cole SmithNic DowdColin BlackwellKaiden GuhleRyan Lindgren
Time
Total ForwardTotal DefenseLast Minutes OffensiveLast Minutes Defensive
60:00 60:00 0:000:00
Extra Forwards
Normal PowerPlayPenalty Kill
Auston Matthews, Patrick Kane, Matt BoldyJordan Eberle, Auston MatthewsColin Blackwell
Extra Defensemen
Normal PowerPlayPenalty Kill
Rasmus Dahlin, Josh Morrissey, Kaiden GuhleRasmus Dahlin, Rasmus DahlinKaiden Guhle
Penalty Shots
Jordan Eberle, Auston Matthews, Patrick Kane, Bobby Brink, Matias Maccelli
Goalie
Joseph Woll, Pyotr Kochetkov
Custom OT Lines Forwards
Auston Matthews, Jordan Eberle, Jaden Schwartz, Matt Boldy, Nic Dowd, Patrick Kane, Cole Sillinger, Bobby Brink, Aatu Raty, Colin Blackwell
Custom OT Lines Defensemen
Rasmus Dahlin, Josh Morrissey, Kaiden Guhle, Ryan Lindgren, Erik Johnson
Scratches
Nikita Kucherov (Healthy), Samuel Fagemo (Healthy), Alexandar Georgiev (Healthy)

Ducks

5 vs 5 Forward
Line #Left WingCenterRight WingPHYDFOFWanted %Time %Time Play
1Brandon HagelBrayden PointTage Thompson0143537%15:41
2Leo CarlssonAnze KopitarTroy Terry1223031%13:01
3Vladislav NamestnikovJosh NorrisJJ Peterka1222524%10:15
4Noah GregorConnor DewarGarnet Hathaway221107%3:00
5 vs 5 Defense
Line #DefenseDefensePHYDFOFWanted %Time %Time Play
1Thomas HarleyErik Gudbranson1314040%16:49
2Thomas ChabotRadko Gudas1313538%15:51
3Dylan SambergJani Hakanpaa1312018%7:43
4Dylan SambergJani Hakanpaa13154%1:34
Power Play Forward
Line #Left WingCenterRight WingPHYDFOFWanted %Time %Time Play
1Brandon HagelBrayden PointTage Thompson0056553%5:20
2Josh NorrisAnze KopitarTroy Terry0053547%4:41
Power Play Defense
Line #DefenseDefensePHYDFOFWanted %Time %Time Play
1Thomas ChabotThomas Harley0146555%5:30
2Thomas ChabotDylan Samberg0143545%4:31
Penalty Kill 4 Players Forward
Line #CenterWingPHYDFOFWanted %Time %Time Play
1Connor DewarGarnet Hathaway1406078%4:50
2Anze KopitarVladislav Namestnikov1404022%1:22
Penalty Kill 4 Players Defense
Line #DefenseDefensePHYDFOFWanted %Time %Time Play
1Radko GudasErik Gudbranson1407045%2:46
2Jani HakanpaaDylan Samberg1403055%3:26
Penalty Kill 3 Players
Line #WingPHYDFOFWanted %Time %Time PlayDefenseDefensePHYDFOFWanted %Time %Time Play
1Connor Dewar140750%0:00 Radko GudasThomas Chabot140600%0:00
2Josh Norris140250%0:00 Erik GudbransonDylan Samberg140400%0:00
4 vs 4 Forward
Line #CenterWingPHYDFOFWanted %Time %Time Play
1Brayden PointBrandon Hagel0236086%1:35
2Josh NorrisTage Thompson0234014%0:15
4 vs 4 Defense
Line #DefensePHYDFOFWanted %Time %Time Play
1Thomas HarleyErik Gudbranson1226086%60% - 1:35
2Thomas ChabotDylan Samberg1224014%40% - 0:15
Last Minutes Offensive
Left WingCenterRight WingDefenseDefense
Brandon HagelBrayden PointTage ThompsonThomas ChabotThomas Harley
Last Minutes Defensive
Left WingCenterRight WingDefenseDefense
Noah GregorConnor DewarGarnet HathawayErik GudbransonRadko Gudas
Time
Total ForwardTotal DefenseLast Minutes OffensiveLast Minutes Defensive
60:00 60:00 0:000:00
Extra Forwards
Normal PowerPlayPenalty Kill
JJ Peterka, Troy Terry, Leo CarlssonJJ Peterka, Troy TerryJJ Peterka
Extra Defensemen
Normal PowerPlayPenalty Kill
Thomas Chabot, Radko Gudas, Thomas HarleyThomas Chabot, Erik GudbransonRadko Gudas
Penalty Shots
Brayden Point, Tage Thompson, Troy Terry, JJ Peterka, Brandon Hagel
Goalie
Dustin Wolf, Dan Vladar
Custom OT Lines Forwards
Brayden Point, Brandon Hagel, Tage Thompson, Anze Kopitar, Josh Norris, Troy Terry, Leo Carlsson, Vladislav Namestnikov, JJ Peterka, Connor Dewar
Custom OT Lines Defensemen
Thomas Chabot, Erik Gudbranson, Thomas Harley, Dylan Samberg, Radko Gudas
Scratches
Philipp Kurashev (Healthy), Cam York (Healthy), James Reimer (Healthy)


Play-by-Play

1st period


0:01 of 1st period - Auston Matthews wins face-off versus Brayden Point in neutral zone.
0:11 of 1st period - Brayden Point is hit by Auston Matthews and loses puck.
0:30 of 1st period - Shot by Auston Matthews.
0:30 of 1st period - Goal by Auston Matthews - Canadiens : 1 - Ducks : 0.
0:31 of 1st period - Anze Kopitar wins face-off versus Cole Sillinger in neutral zone.
0:31 of 1st period - Troy Terry is hit by Cole Sillinger and loses puck.
0:51 of 1st period - Troy Terry is hit by Kaiden Guhle and loses puck.
0:55 of 1st period - Icing by Cole Sillinger.
0:56 of 1st period - Josh Norris wins face-off versus Cole Sillinger in Canadiens zone.
1:05 of 1st period - Shot by Josh Norris.
1:05 of 1st period - Stopped by Joseph Woll without a rebound.
1:06 of 1st period - Garnet Hathaway wins face-off versus Nic Dowd in Canadiens zone.
1:24 of 1st period - Minor Penalty to Matias Maccelli for Interference.
1:25 of 1st period - Brayden Point wins face-off versus Nic Dowd in Canadiens zone.
1:28 of 1st period - Shot by Tage Thompson.
1:28 of 1st period - Shot Blocked by Erik Johnson.
1:30 of 1st period - Shot by Thomas Harley.
1:30 of 1st period - Stopped by Joseph Woll without a rebound.
1:31 of 1st period - Brayden Point wins face-off versus Nic Dowd in Canadiens zone.
2:04 of 1st period - Shot by Thomas Chabot.
2:04 of 1st period - Stopped by Joseph Woll without a rebound.
2:05 of 1st period - Anze Kopitar wins face-off versus Nic Dowd in Canadiens zone.
2:18 of 1st period - Shot by Anze Kopitar.
2:18 of 1st period - Stopped by Joseph Woll with a rebound.
3:20 of 1st period - Shot by Brayden Point.
3:20 of 1st period - Goal by Brayden Point - Canadiens : 1 - Ducks : 1.
3:21 of 1st period - Auston Matthews wins face-off versus Connor Dewar in neutral zone.
3:34 of 1st period - Shot by Rasmus Dahlin.
3:34 of 1st period - Shot Misses the Net.
3:37 of 1st period - Icing by Thomas Harley.
3:38 of 1st period - Cole Sillinger wins face-off versus Connor Dewar in Ducks zone.
3:45 of 1st period - Shot by Cole Sillinger.
3:45 of 1st period - Shot Blocked by Erik Gudbranson.
4:47 of 1st period - Shot by Brayden Point.
4:47 of 1st period - Shot Misses the Net.
4:53 of 1st period - Shot by Brayden Point.
4:53 of 1st period - Stopped by Joseph Woll without a rebound.
4:54 of 1st period - Vladislav Namestnikov wins face-off versus Nic Dowd in Canadiens zone.
5:05 of 1st period - Radko Gudas is hit by Nic Dowd and loses puck.
5:28 of 1st period - Shot by Matias Maccelli.
5:28 of 1st period - Shot Blocked by Thomas Chabot.
5:30 of 1st period - Shot by Nic Dowd.
5:30 of 1st period - Shot Blocked by Radko Gudas.
5:32 of 1st period - Shot by Kaiden Guhle.
5:32 of 1st period - Shot Blocked by Radko Gudas.
5:34 of 1st period - Shot by Kaiden Guhle.
5:34 of 1st period - Stopped by Dustin Wolf without a rebound.
5:35 of 1st period - Auston Matthews wins face-off versus Anze Kopitar in Ducks zone.
5:45 of 1st period - Auston Matthews is hit by Thomas Harley and loses puck.
5:58 of 1st period - Shot by Anze Kopitar.
5:58 of 1st period - Stopped by Joseph Woll without a rebound.
5:59 of 1st period - Brandon Hagel wins face-off versus Aatu Raty in Canadiens zone.
6:03 of 1st period - Icing by Ryan Lindgren.
6:04 of 1st period - Aatu Raty wins face-off versus Brayden Point in Canadiens zone.
6:34 of 1st period - Shot by Tage Thompson.
6:34 of 1st period - Shot Misses the Net.
6:36 of 1st period - Shot by Brandon Hagel.
6:36 of 1st period - Stopped by Joseph Woll without a rebound.
6:37 of 1st period - Anze Kopitar wins face-off versus Auston Matthews in Canadiens zone.
7:09 of 1st period - Auston Matthews is hit by Leo Carlsson and loses puck.
7:48 of 1st period - Josh Norris is hit by Kaiden Guhle and loses puck.
8:10 of 1st period - Icing by Josh Norris.
8:11 of 1st period - Nic Dowd wins face-off versus Josh Norris in Ducks zone.
8:22 of 1st period - Shot by Josh Norris.
8:22 of 1st period - Stopped by Joseph Woll without a rebound.
8:23 of 1st period - Brayden Point wins face-off versus Aatu Raty in Canadiens zone.
8:43 of 1st period - Brayden Point is hit by Tyler Kleven and loses puck.
9:05 of 1st period - Shot by Brandon Hagel.
9:05 of 1st period - Stopped by Joseph Woll without a rebound.
9:06 of 1st period - Troy Terry wins face-off versus Cole Sillinger in Canadiens zone.
9:21 of 1st period - Shot by Matt Boldy.
9:21 of 1st period - Shot Blocked by Leo Carlsson.
9:45 of 1st period - Shot by Jordan Eberle.
9:45 of 1st period - Shot Misses the Net.
9:47 of 1st period - Shot by Matt Boldy.
9:47 of 1st period - Deflect By Jordan Eberle.
9:47 of 1st period - Stopped by Dustin Wolf without a rebound.
9:48 of 1st period - Josh Norris wins face-off versus Nic Dowd in Ducks zone.
9:53 of 1st period - Shot by Josh Norris.
9:53 of 1st period - Shot Blocked by Kaiden Guhle.
10:31 of 1st period - Shot by Vladislav Namestnikov.
10:31 of 1st period - Shot Misses the Net.
10:51 of 1st period - Shot by Brayden Point.
10:51 of 1st period - Shot Misses the Net.
12:19 of 1st period - Shot by Patrick Kane.
12:19 of 1st period - Stopped by Dustin Wolf without a rebound.
12:20 of 1st period - Josh Norris wins face-off versus Cole Sillinger in Ducks zone.
12:33 of 1st period - Shot by Jordan Eberle.
12:33 of 1st period - Stopped by Dustin Wolf with a rebound.
13:01 of 1st period - Shot by Cole Sillinger.
13:01 of 1st period - Shot Misses the Net.
13:16 of 1st period - Off-side.
13:17 of 1st period - Auston Matthews wins face-off versus Brayden Point in neutral zone.
13:50 of 1st period - Shot by Tage Thompson.
13:50 of 1st period - Stopped by Joseph Woll without a rebound.
13:51 of 1st period - Aatu Raty wins face-off versus Anze Kopitar in Canadiens zone.
13:51 of 1st period - Aatu Raty is hit by Leo Carlsson.
14:22 of 1st period - Icing by Radko Gudas.
14:23 of 1st period - Cole Sillinger wins face-off versus Anze Kopitar in Ducks zone.
14:23 of 1st period - Matt Boldy is hit by Radko Gudas and loses puck.
15:01 of 1st period - Icing by Radko Gudas.
15:02 of 1st period - Anze Kopitar wins face-off versus Auston Matthews in Ducks zone.
15:31 of 1st period - Shot by Brandon Hagel.
15:31 of 1st period - Shot Blocked by Rasmus Dahlin.
15:39 of 1st period - Shot by Brayden Point.
15:39 of 1st period - Shot Misses the Net.
16:38 of 1st period - Minor Penalty to Matt Boldy for Slashing.
16:39 of 1st period - Anze Kopitar wins face-off versus Nic Dowd in Canadiens zone.
16:43 of 1st period - Shot by Anze Kopitar.
16:43 of 1st period - Stopped by Joseph Woll without a rebound.
16:44 of 1st period - Anze Kopitar wins face-off versus Nic Dowd in Canadiens zone.
17:05 of 1st period - Shot by Josh Norris.
17:05 of 1st period - Stopped by Joseph Woll without a rebound.
17:06 of 1st period - Anze Kopitar wins face-off versus Aatu Raty in Canadiens zone.
17:31 of 1st period - Shot by Thomas Harley.
17:31 of 1st period - Shot Blocked by Ryan Lindgren.
19:08 of 1st period - Icing by Matt Boldy.
19:09 of 1st period - Josh Norris wins face-off versus Cole Sillinger in Canadiens zone.
19:16 of 1st period - Shot by Josh Norris.
19:16 of 1st period - Shot Hit the Post.
19:18 of 1st period - Shot by JJ Peterka.
19:18 of 1st period - Deflect By Josh Norris.
19:18 of 1st period - Shot Misses the Net.
19:20 of 1st period - Shot by Vladislav Namestnikov.
19:20 of 1st period - Shot Misses the Net.
19:40 of 1st period - Shot by Vladislav Namestnikov.
19:40 of 1st period - Shot Misses the Net.
19:42 of 1st period - Shot by Vladislav Namestnikov.
19:42 of 1st period - Shot Blocked by Tyler Kleven.
19:44 of 1st period - Shot by Erik Gudbranson.
19:44 of 1st period - Deflect By JJ Peterka.
19:44 of 1st period - Shot Misses the Net.
Goals for this period are 1 for Canadiens vs 1 for Ducks.
Shots for this period are 5 for Canadiens vs 13 for Ducks.

2nd period


0:01 of 2nd period - Brayden Point wins face-off versus Auston Matthews in neutral zone.
0:17 of 2nd period - Shot by Auston Matthews.
0:17 of 2nd period - Shot Misses the Net.
0:19 of 2nd period - Shot by Auston Matthews.
0:19 of 2nd period - Goal by Auston Matthews - Canadiens : 2 - Ducks : 1.
0:20 of 2nd period - Anze Kopitar wins face-off versus Nic Dowd in neutral zone.
0:33 of 2nd period - Erik Gudbranson is hit by Bobby Brink and loses puck.
0:38 of 2nd period - Shot by Nic Dowd.
0:38 of 2nd period - Stopped by Dustin Wolf without a rebound.
0:39 of 2nd period - Jaden Schwartz wins face-off versus Brayden Point in Ducks zone.
1:08 of 2nd period - Shot by Brayden Point.
1:08 of 2nd period - Shot Misses the Net.
2:18 of 2nd period - Shot by Leo Carlsson.
2:18 of 2nd period - Shot Misses the Net.
2:40 of 2nd period - Icing by Erik Johnson.
2:41 of 2nd period - Josh Norris wins face-off versus Cole Sillinger in Canadiens zone.
2:42 of 2nd period - Shot by Vladislav Namestnikov.
2:42 of 2nd period - Stopped by Joseph Woll without a rebound.
2:43 of 2nd period - Nic Dowd wins face-off versus Josh Norris in Canadiens zone.
2:48 of 2nd period - Shot by Matias Maccelli.
2:48 of 2nd period - Shot Blocked by Dylan Samberg.
3:49 of 2nd period - Shot by Brayden Point.
3:49 of 2nd period - Shot Blocked by Nic Dowd.
4:20 of 2nd period - Shot by Patrick Kane.
4:20 of 2nd period - Shot Misses the Net.
5:09 of 2nd period - Shot by Anze Kopitar.
5:09 of 2nd period - Shot Blocked by Erik Johnson.
5:11 of 2nd period - Shot by Anze Kopitar.
5:11 of 2nd period - Stopped by Joseph Woll without a rebound.
5:12 of 2nd period - Josh Norris wins face-off versus Aatu Raty in Canadiens zone.
5:13 of 2nd period - Shot by JJ Peterka.
5:13 of 2nd period - Shot Misses the Net.
5:45 of 2nd period - Shot by Josh Norris.
5:45 of 2nd period - Shot Misses the Net.
5:56 of 2nd period - Shot by JJ Peterka.
5:56 of 2nd period - Stopped by Joseph Woll without a rebound.
5:57 of 2nd period - Anze Kopitar wins face-off versus Cole Sillinger in Canadiens zone.
6:23 of 2nd period - Jordan Eberle is hit by Thomas Harley and loses puck.
6:36 of 2nd period - Shot by Matt Boldy.
6:36 of 2nd period - Shot Misses the Net.
8:02 of 2nd period - Shot by Brayden Point.
8:02 of 2nd period - Shot Misses the Net.
8:04 of 2nd period - Shot by Brandon Hagel.
8:04 of 2nd period - Shot Misses the Net.
8:06 of 2nd period - Shot by Dylan Samberg.
8:06 of 2nd period - Stopped by Joseph Woll without a rebound.
8:07 of 2nd period - Josh Norris wins face-off versus Colin Blackwell in Canadiens zone.
8:39 of 2nd period - Icing by Kaiden Guhle.
8:40 of 2nd period - Brayden Point wins face-off versus Aatu Raty in Canadiens zone.
8:51 of 2nd period - Shot by Brandon Hagel.
8:51 of 2nd period - Stopped by Joseph Woll without a rebound.
8:52 of 2nd period - Leo Carlsson wins face-off versus Cole Sillinger in Canadiens zone.
8:55 of 2nd period - Shot by Troy Terry.
8:55 of 2nd period - Goal by Troy Terry - Canadiens : 2 - Ducks : 2.
8:56 of 2nd period - Cole Sillinger wins face-off versus Brayden Point in neutral zone.
9:54 of 2nd period - Icing by Erik Gudbranson.
9:55 of 2nd period - Auston Matthews wins face-off versus Anze Kopitar in Ducks zone.
10:05 of 2nd period - Icing by Erik Gudbranson.
10:06 of 2nd period - Nic Dowd wins face-off versus Anze Kopitar in Ducks zone.
10:06 of 2nd period - Nic Dowd is hit by Erik Gudbranson.
10:14 of 2nd period - Shot by Nic Dowd.
10:14 of 2nd period - Stopped by Dustin Wolf without a rebound.
10:15 of 2nd period - Auston Matthews wins face-off versus Josh Norris in Ducks zone.
10:48 of 2nd period - Shot by Patrick Kane.
10:48 of 2nd period - Shot Misses the Net.
11:15 of 2nd period - Off-side.
11:16 of 2nd period - Matias Maccelli wins face-off versus Anze Kopitar in neutral zone.
11:22 of 2nd period - Matias Maccelli is hit by Jani Hakanpaa and loses puck.
11:31 of 2nd period - Shot by Bobby Brink.
11:31 of 2nd period - Shot Misses the Net.
11:33 of 2nd period - Shot by Nic Dowd.
11:33 of 2nd period - Shot Blocked by Dylan Samberg.
11:35 of 2nd period - Shot by Bobby Brink.
11:35 of 2nd period - Shot Misses the Net.
11:59 of 2nd period - Shot by Matias Maccelli.
11:59 of 2nd period - Stopped by Dustin Wolf without a rebound.
12:00 of 2nd period - Brayden Point wins face-off versus Cole Sillinger in Ducks zone.
13:21 of 2nd period - Shot by Thomas Harley.
13:21 of 2nd period - Stopped by Joseph Woll without a rebound.
13:22 of 2nd period - Nic Dowd wins face-off versus Anze Kopitar in Canadiens zone.
13:30 of 2nd period - Minor Penalty to Dylan Samberg for Roughing.
13:31 of 2nd period - Connor Dewar wins face-off versus Auston Matthews in Ducks zone.
13:31 of 2nd period - Connor Dewar is hit by Jaden Schwartz.
13:53 of 2nd period - Shot by Josh Morrissey.
13:53 of 2nd period - Shot Blocked by Connor Dewar.
13:55 of 2nd period - Shot by Jaden Schwartz.
13:55 of 2nd period - Shot Misses the Net.
14:01 of 2nd period - Shot by Patrick Kane.
14:01 of 2nd period - Stopped by Dustin Wolf with a rebound.
14:03 of 2nd period - Shot by Patrick Kane.
14:03 of 2nd period - Goal by Patrick Kane - Canadiens : 3 - Ducks : 2.
14:04 of 2nd period - Anze Kopitar wins face-off versus Cole Sillinger in neutral zone.
14:22 of 2nd period - Icing by Anze Kopitar.
14:23 of 2nd period - Anze Kopitar wins face-off versus Nic Dowd in Ducks zone.
14:33 of 2nd period - Anze Kopitar is hit by Erik Johnson and loses puck.
14:44 of 2nd period - Shot by Bobby Brink.
14:44 of 2nd period - Shot Misses the Net.
14:46 of 2nd period - Shot by Nic Dowd.
14:46 of 2nd period - Shot Misses the Net.
15:07 of 2nd period - Matias Maccelli is hit by Radko Gudas and loses puck.
15:44 of 2nd period - Shot by Jaden Schwartz.
15:44 of 2nd period - Stopped by Dustin Wolf without a rebound.
15:45 of 2nd period - Cole Sillinger wins face-off versus Vladislav Namestnikov in Ducks zone.
16:02 of 2nd period - Shot by Jordan Eberle.
16:02 of 2nd period - Shot Misses the Net.
16:16 of 2nd period - Shot by Jordan Eberle.
16:16 of 2nd period - Shot Misses the Net.
16:18 of 2nd period - Shot by Jordan Eberle.
16:18 of 2nd period - Shot Blocked by Dylan Samberg.
16:20 of 2nd period - Shot by Cole Sillinger.
16:20 of 2nd period - Shot Misses the Net.
16:54 of 2nd period - Icing by Erik Gudbranson.
16:55 of 2nd period - Nic Dowd wins face-off versus Brayden Point in Ducks zone.
17:10 of 2nd period - Icing by Brandon Hagel.
17:11 of 2nd period - Brayden Point wins face-off versus Auston Matthews in Ducks zone.
17:24 of 2nd period - Shot by Tage Thompson.
17:24 of 2nd period - Stopped by Joseph Woll without a rebound.
17:25 of 2nd period - Cole Sillinger wins face-off versus Anze Kopitar in Canadiens zone.
17:29 of 2nd period - Rasmus Dahlin is hit by Radko Gudas and loses puck.
17:42 of 2nd period - Shot by Matt Boldy.
17:42 of 2nd period - Stopped by Dustin Wolf without a rebound.
17:43 of 2nd period - Brayden Point wins face-off versus Auston Matthews in Ducks zone.
18:00 of 2nd period - Shot by Brandon Hagel.
18:00 of 2nd period - Stopped by Joseph Woll without a rebound.
18:01 of 2nd period - Anze Kopitar wins face-off versus Cole Sillinger in Canadiens zone.
18:04 of 2nd period - Shot by Troy Terry.
18:04 of 2nd period - Deflect By Anze Kopitar.
18:04 of 2nd period - Shot Misses the Net.
18:06 of 2nd period - Shot by Troy Terry.
18:06 of 2nd period - Stopped by Joseph Woll with a rebound.
18:32 of 2nd period - Shot by Troy Terry.
18:32 of 2nd period - Stopped by Joseph Woll without a rebound.
18:33 of 2nd period - Brayden Point wins face-off versus Patrick Kane in Canadiens zone.
18:33 of 2nd period - Brandon Hagel is hit by Kaiden Guhle and loses puck.
18:46 of 2nd period - Shot by Patrick Kane.
18:46 of 2nd period - Shot Misses the Net.
18:48 of 2nd period - Shot by Auston Matthews.
18:48 of 2nd period - Deflect By Patrick Kane.
18:48 of 2nd period - Stopped by Dustin Wolf with a rebound.
18:54 of 2nd period - Shot by Auston Matthews.
18:54 of 2nd period - Shot Blocked by Erik Gudbranson.
18:56 of 2nd period - Shot by Kaiden Guhle.
18:56 of 2nd period - Shot Misses the Net.
19:02 of 2nd period - Shot by Auston Matthews.
19:02 of 2nd period - Stopped by Dustin Wolf without a rebound.
19:03 of 2nd period - Nic Dowd wins face-off versus Josh Norris in Ducks zone.
19:11 of 2nd period - Icing by Radko Gudas.
19:12 of 2nd period - Cole Sillinger wins face-off versus Josh Norris in Ducks zone.
19:13 of 2nd period - Shot by Matt Boldy.
19:13 of 2nd period - Stopped by Dustin Wolf without a rebound.
19:14 of 2nd period - Auston Matthews wins face-off versus Brayden Point in Ducks zone.
19:51 of 2nd period - Shot by Auston Matthews.
19:51 of 2nd period - Goal by Auston Matthews - Canadiens : 4 - Ducks : 2.
19:51 of 2nd period - Dan Vladar enters game.
19:52 of 2nd period - Connor Dewar wins face-off versus Cole Sillinger in neutral zone.
19:56 of 2nd period - Radko Gudas is hit by Kaiden Guhle and loses puck.
19:58 of 2nd period - Minor Penalty to Kaiden Guhle for Interference.
19:59 of 2nd period - Nic Dowd wins face-off versus Anze Kopitar in Canadiens zone.
Goals for this period are 3 for Canadiens vs 1 for Ducks.
Shots for this period are 12 for Canadiens vs 11 for Ducks.

3rd period


0:01 of 3rd period - Brayden Point wins face-off versus Nic Dowd in neutral zone.
0:04 of 3rd period - Nic Dowd is hit by Tage Thompson and loses puck.
0:13 of 3rd period - Shot by Tage Thompson.
0:13 of 3rd period - Shot Blocked by Ryan Lindgren.
0:15 of 3rd period - Shot by Thomas Chabot.
0:15 of 3rd period - Stopped by Joseph Woll with a rebound.
0:17 of 3rd period - Shot by Brandon Hagel.
0:17 of 3rd period - Shot Misses the Net.
0:19 of 3rd period - Shot by Tage Thompson.
0:19 of 3rd period - Shot Misses the Net.
0:21 of 3rd period - Shot by Tage Thompson.
0:21 of 3rd period - Stopped by Joseph Woll without a rebound.
0:22 of 3rd period - Anze Kopitar wins face-off versus Nic Dowd in Canadiens zone.
0:57 of 3rd period - Shot by Thomas Harley.
0:57 of 3rd period - Stopped by Joseph Woll without a rebound.
0:58 of 3rd period - Aatu Raty wins face-off versus Brandon Hagel in Canadiens zone.
1:58 of 3rd period - Minor Penalty to Kaiden Guhle for High sticking.
1:59 of 3rd period - Anze Kopitar wins face-off versus Nic Dowd in Canadiens zone.
2:12 of 3rd period - Shot by Thomas Harley.
2:12 of 3rd period - Shot Misses the Net.
2:14 of 3rd period - Shot by Jani Hakanpaa.
2:14 of 3rd period - Shot Blocked by Ryan Lindgren.
2:16 of 3rd period - Shot by Jani Hakanpaa.
2:16 of 3rd period - Stopped by Joseph Woll with a rebound.
2:18 of 3rd period - Shot by Thomas Harley.
2:18 of 3rd period - Stopped by Joseph Woll without a rebound.
2:19 of 3rd period - Aatu Raty wins face-off versus Brayden Point in Canadiens zone.
2:32 of 3rd period - Shot by Brayden Point.
2:32 of 3rd period - Shot Blocked by Erik Johnson.
4:01 of 3rd period - Minor Penalty to Noah Gregor for Delaying the game.
4:02 of 3rd period - Auston Matthews wins face-off versus Garnet Hathaway in Ducks zone.
4:31 of 3rd period - Shot by Kaiden Guhle.
4:31 of 3rd period - Stopped by Dan Vladar without a rebound.
4:32 of 3rd period - Cole Sillinger wins face-off versus Connor Dewar in Ducks zone.
4:37 of 3rd period - Shot by Josh Morrissey.
4:37 of 3rd period - Shot Misses the Net.
4:39 of 3rd period - Shot by Josh Morrissey.
4:39 of 3rd period - Shot Blocked by Jani Hakanpaa.
5:55 of 3rd period - Shot by Auston Matthews.
5:55 of 3rd period - Deflect By Jaden Schwartz.
5:55 of 3rd period - Stopped by Dan Vladar with a rebound.
5:57 of 3rd period - Shot by Auston Matthews.
5:57 of 3rd period - Stopped by Dan Vladar without a rebound.
5:58 of 3rd period - Cole Sillinger wins face-off versus JJ Peterka in Ducks zone.
6:06 of 3rd period - Icing by Thomas Harley.
6:07 of 3rd period - Nic Dowd wins face-off versus Brayden Point in Ducks zone.
6:24 of 3rd period - Shot by Tage Thompson.
6:24 of 3rd period - Shot Misses the Net.
7:14 of 3rd period - Shot by Troy Terry.
7:14 of 3rd period - Shot Blocked by Cole Sillinger.
7:22 of 3rd period - Shot by Troy Terry.
7:22 of 3rd period - Shot Misses the Net.
7:43 of 3rd period - Cole Sillinger is hit by Radko Gudas and loses puck.
8:16 of 3rd period - Shot by Auston Matthews.
8:16 of 3rd period - Stopped by Dan Vladar without a rebound.
8:17 of 3rd period - Aatu Raty wins face-off versus Josh Norris in Ducks zone.
8:29 of 3rd period - Shot by JJ Peterka.
8:29 of 3rd period - Stopped by Joseph Woll without a rebound.
8:30 of 3rd period - Auston Matthews wins face-off versus Brayden Point in Canadiens zone.
8:30 of 3rd period - Patrick Kane is hit by Brayden Point and loses puck.
8:39 of 3rd period - Shot by Auston Matthews.
8:39 of 3rd period - Shot Misses the Net.
8:41 of 3rd period - Shot by Kaiden Guhle.
8:41 of 3rd period - Shot Misses the Net.
8:43 of 3rd period - Shot by Kaiden Guhle.
8:43 of 3rd period - Shot Misses the Net.
8:48 of 3rd period - Minor Penalty to Thomas Harley for Interference.
8:49 of 3rd period - Connor Dewar wins face-off versus Cole Sillinger in Ducks zone.
9:00 of 3rd period - Shot by Josh Morrissey.
9:00 of 3rd period - Stopped by Dan Vladar with a rebound.
9:02 of 3rd period - Shot by Rasmus Dahlin.
9:02 of 3rd period - Stopped by Dan Vladar without a rebound.
9:03 of 3rd period - Auston Matthews wins face-off versus Connor Dewar in Ducks zone.
9:17 of 3rd period - Shot by Auston Matthews.
9:17 of 3rd period - Shot Misses the Net.
9:19 of 3rd period - Shot by Kaiden Guhle.
9:19 of 3rd period - Shot Misses the Net.
10:52 of 3rd period - Matias Maccelli is hit by Erik Gudbranson and loses puck.
11:50 of 3rd period - Shot by Colin Blackwell.
11:50 of 3rd period - Stopped by Dan Vladar without a rebound.
11:51 of 3rd period - Cole Sillinger wins face-off versus Josh Norris in Ducks zone.
12:06 of 3rd period - Icing by Thomas Chabot.
12:07 of 3rd period - Patrick Kane wins face-off versus Josh Norris in Ducks zone.
12:10 of 3rd period - Shot by Auston Matthews.
12:10 of 3rd period - Deflect By Jaden Schwartz.
12:10 of 3rd period - Stopped by Dan Vladar without a rebound.
12:11 of 3rd period - Auston Matthews wins face-off versus Anze Kopitar in Ducks zone.
12:19 of 3rd period - Minor Penalty to Jaden Schwartz for Diving.
12:20 of 3rd period - Nic Dowd wins face-off versus Brayden Point in Canadiens zone.
12:28 of 3rd period - Minor Penalty to Tage Thompson for Cross-checking.
12:29 of 3rd period - Brayden Point wins face-off versus Auston Matthews in Ducks zone.
13:54 of 3rd period - Icing by Thomas Harley.
13:55 of 3rd period - Cole Sillinger wins face-off versus Brayden Point in Ducks zone.
13:55 of 3rd period - Cole Sillinger is hit by Erik Gudbranson.
14:03 of 3rd period - Shot by Cole Sillinger.
14:03 of 3rd period - Stopped by Dan Vladar without a rebound.
14:04 of 3rd period - Josh Norris wins face-off versus Cole Sillinger in Ducks zone.
14:41 of 3rd period - Leo Carlsson is hit by Tyler Kleven and loses puck.
14:54 of 3rd period - Shot by Anze Kopitar.
14:54 of 3rd period - Shot Misses the Net.
14:57 of 3rd period - Troy Terry is hit by Tyler Kleven and loses puck.
15:07 of 3rd period - Minor Penalty to Troy Terry for Delaying the game.
15:08 of 3rd period - Connor Dewar wins face-off versus Auston Matthews in Ducks zone.
15:21 of 3rd period - Shot by Rasmus Dahlin.
15:21 of 3rd period - Stopped by Dan Vladar with a rebound.
15:23 of 3rd period - Shot by Auston Matthews.
15:23 of 3rd period - Goal by Auston Matthews - Canadiens : 5 - Ducks : 2.
15:24 of 3rd period - JJ Peterka wins face-off versus Cole Sillinger in neutral zone.
15:45 of 3rd period - Shot by Jordan Eberle.
15:45 of 3rd period - Stopped by Dan Vladar without a rebound.
15:46 of 3rd period - Brayden Point wins face-off versus Auston Matthews in Ducks zone.
15:53 of 3rd period - Icing by Rasmus Dahlin.
15:54 of 3rd period - Brayden Point wins face-off versus Auston Matthews in Canadiens zone.
15:59 of 3rd period - Shot by Tage Thompson.
15:59 of 3rd period - Stopped by Joseph Woll with a rebound.
16:01 of 3rd period - Shot by Brandon Hagel.
16:01 of 3rd period - Shot Misses the Net.
16:09 of 3rd period - Shot by Brayden Point.
16:09 of 3rd period - Stopped by Joseph Woll with a rebound.
16:11 of 3rd period - Shot by Brandon Hagel.
16:11 of 3rd period - Stopped by Joseph Woll without a rebound.
16:12 of 3rd period - Cole Sillinger wins face-off versus Josh Norris in Canadiens zone.
16:19 of 3rd period - Icing by Vladislav Namestnikov.
16:20 of 3rd period - JJ Peterka wins face-off versus Cole Sillinger in Ducks zone.
16:31 of 3rd period - Shot by Josh Norris.
16:31 of 3rd period - Deflect By JJ Peterka.
16:31 of 3rd period - Goal by JJ Peterka - Canadiens : 5 - Ducks : 3.
16:32 of 3rd period - Anze Kopitar wins face-off versus Auston Matthews in neutral zone.
16:32 of 3rd period - Anze Kopitar is hit by Jaden Schwartz.
16:41 of 3rd period - Minor Penalty to Josh Morrissey for Interference.
16:42 of 3rd period - Nic Dowd wins face-off versus Brayden Point in Canadiens zone.
16:42 of 3rd period - Nic Dowd is hit by Brayden Point.
18:22 of 3rd period - Shot by Anze Kopitar.
18:22 of 3rd period - Shot Misses the Net.
18:43 of 3rd period - Minor Penalty to Erik Gudbranson for Roughing.
18:44 of 3rd period - Connor Dewar wins face-off versus Auston Matthews in Ducks zone.
18:50 of 3rd period - Icing by Auston Matthews.
18:51 of 3rd period - Auston Matthews wins face-off versus Connor Dewar in Canadiens zone.
19:31 of 3rd period - Vladislav Namestnikov is hit by Auston Matthews and loses puck.
Goals for this period are 1 for Canadiens vs 1 for Ducks.
Shots for this period are 12 for Canadiens vs 10 for Ducks.